 Dungeon Sprint DCSS version 0.23.0-38-g208d714 (webtiles) character file.

Game seed: 0

21800000 Fang the Conqueror (level 27, -17430/266 HPs)
             Began as a Demonspawn Gladiator on Feb 27, 2019.
             Was the Champion of Makhleb.
             Annihilated by The Meatlord
             ... wielding the +7 sceptre of Torment {pain, torment}
              (17558 damage)
             ... in the Dungeon (Sprint VIII: "Arena of Blood").
             The game lasted 00:02:28 (218 turns).

Fang the Conqueror (Demonspawn Gladiator)            Turns: 218, Time: 00:02:29

Health: -17430/266 AC: 11    Str: 24    XL:     27
Magic:  54/54      EV: 32    Int: 11    God:    Makhleb [******]
Gold:   0          SH:  0    Dex: 17    Spells: 80/80 levels left

rFire    . . .     SeeInvis .   l - +∞ Axe of Woe
rCold    + . .     Gourm    .   (shield currently unavailable)
rNeg     . . .     Faith    .   b - +0 leather armour
rPois    .         Spirit   .   c - +0 helmet
rElec    .         Reflect  .   (no cloak)
rCorr    .         Harm     .   (no gloves)
MR       ++...     NoTele   +   (boots unavailable)
Stlth    ++++++++++             (no amulet)
HPRegen  0.54/turn              (no ring)
MPRegen  0.34/turn              (no ring)

@: no status effects
A: talons 3, rugged brown scales 3, cold resistance 1, nightstalker 3, passive
freeze, spiny 3, freezing cloud immunity
a: Minor Destruction, Lesser Servant of Makhleb, Major Destruction, Greater
Servant of Makhleb, Renounce Religion


You were in the Dungeon.
You worshipped Makhleb.
Makhleb was exalted by your worship.
You were not hungry.

You visited 1 branch

Inventory:

Hand Weapons
 a - a +0 war axe
 l - the +∞ Axe of Woe (weapon)
   (You found it in the Dungeon)
Missiles
 d - 3 throwing nets (quivered)
Armour
 b - a +0 leather armour (worn)
 c - a +0 helmet (worn)
Jewellery
 m - a +30 ring of slaying
Scrolls
 k - a scroll of blinking
Potions
 e - a potion of curing
 g - a potion of heal wounds
 h - a potion of haste
 i - 2 potions of magic
 j - a potion of berserk rage
Comestibles
 f - a ration
 n - 2 chunks of flesh


   Skills:
 O Level 27 Fighting
 O Level 27 Axes
 O Level 27 Throwing
 O Level 27 Armour
 O Level 27 Dodging
 O Level 27 Stealth
 O Level 27 Unarmed Combat
 O Level 27 Spellcasting
 O Level 27 Invocations


You had 80 spell levels left.
You didn't know any spells.
Your spell library was empty.

Dungeon Overview and Level Annotations

Branches:
Dungeon (1/1)

Altars:
Makhleb

Annotations:
D The Meatlord


Innate Abilities, Weirdness & Mutations

You have claws for feet.
You are completely covered in rugged brown scales. (AC +3, +7% HP)
Your flesh is cold resistant. (rC+)
You are completely attuned to the shadows.
A frigid envelope surrounds you and freezes all who hurt you.
You are completely covered in sharp spines.
You are immune to freezing clouds.


Message History

You hear a shout! x5
You hear a shout! x2
The Meatlord shouts, "Bolt whilst life thou hast!"
The Meatlord waves its arms in wide circles.
The air twists around and strikes you!
You hear a shout! x2
You hear a shout!
The Meatlord gestures.
You hear a shout! x3 7 ball lightnings come into view.
A ball lightning comes into view.
You hear a shout!
The ball lightning explodes!
The blast of lightning engulfs the ball lightning.
The ball lightning completely resists.
The blast of lightning engulfs The Meatlord.
The Meatlord completely resists.
The blast of lightning engulfs you.
The Meatlord hits you with the +7 sceptre of Torment {pain, torment}!!!!!!!!!!!
Ouch! That really hurt!
You die...

######## ####.......=.
####..............
####..........##.##.###
#......................
......@####..)))##)##..
.....*#&**)..))))))...)
.....*.#*....)))))#)#).
.....*.#*....).........
.###...#..))..........
....#))...........
.....%............
............. ...
.......#.... .#.


You could see The Meatlord and 7 ball lightnings.

Vanquished Creatures
  4 vampire knights (D)
  23 ogres (D)
  5 two-headed ogres (D)
  132 orcs (D)
164 creatures vanquished.

Vanquished Creatures (others)
  A ball lightning (D)
1 creature vanquished.

Grand Total: 165 creatures vanquished

Notes
Turn   | Place    | Note
-------+----------+-------------------------------------------
     0 | D        | Found the +∞ Axe of Woe
     0 | D        | Fang the Demonspawn Gladiator began the quest for the Orb.
     0 | D        | Reached XP level 1. HP: 16/16 MP: 1/1
     2 | D        | Became a worshipper of Makhleb the Destroyer
     4 | D        | Noticed a bag of meat
     6 | D        | Noticed a bag of meat
    10 | D        | Killed a bag of meat
    10 | D        | Gained mutation: You are partially covered in sharp spines.
                  | [demonic ancestry]
    10 | D        | Reached XP level 2. HP: 43/43 MP: 2/2
    10 | D        | Gained mutation: You have sharp toenails. [demonic
                  | ancestry]
    10 | D        | Reached XP level 3. HP: 49/49 MP: 3/3
    10 | D        | Gained mutation: You are slightly more attuned to the
                  | shadows. [demonic ancestry]
    10 | D        | Reached XP level 4. HP: 56/56 MP: 4/4
    10 | D        | Gained mutation: You are partially covered in rugged brown
                  | scales. (AC +1, +3% HP) [demonic ancestry]
    10 | D        | Reached XP level 5. HP: 56/63 MP: 5/5
    10 | D        | Reached XP level 6. HP: 63/71 MP: 6/6
    10 | D        | Gained mutation: You have razor-sharp toenails. [demonic
                  | ancestry]
    10 | D        | Reached XP level 7. HP: 68/77 MP: 7/7
    10 | D        | Reached XP level 8. HP: 74/84 MP: 8/8
    10 | D        | Gained mutation: You are mostly covered in rugged brown
                  | scales. (AC +2, +5% HP) [demonic ancestry]
    10 | D        | Reached XP level 9. HP: 74/92 MP: 9/9
    10 | D        | Reached XP level 10. HP: 80/99 MP: 10/10
    10 | D        | Gained mutation: Your flesh is cold resistant. (rC+)
                  | [demonic ancestry]
    10 | D        | Reached XP level 11. HP: 86/106 MP: 11/11
    12 | D        | Noticed a bag of meat
    12 | D        | Noticed a bag of meat
    14 | D        | Killed a bag of meat
    14 | D        | Reached * piety under Makhleb
    14 | D        | Reached skill level 15 in Axes
    14 | D        | Reached skill level 15 in Throwing
    14 | D        | Reached skill level 15 in Dodging
    14 | D        | Reached XP level 12. HP: 97/118 MP: 12/12
    16 | D        | Killed a bag of meat
    16 | D        | Gained mutation: You are immune to freezing clouds.
                  | [demonic ancestry]
    16 | D        | Reached XP level 13. HP: 102/128 MP: 13/13
    16 | D        | Killed a bag of meat
    16 | D        | Reached XP level 14. HP: 111/139 MP: 14/14
    17 | D        | Noticed a bag of meat
    17 | D        | Noticed a bag of meat
    19 | D        | Noticed a bag of meat
    19 | D        | Noticed a bag of meat
    19 | D        | Noticed a bag of meat
    19 | D        | Noticed a large bag of meat
    20 | D        | Noticed a bag of meat
    20 | D        | Noticed a bag of meat
    20 | D        | Noticed a bag of meat
    21 | D        | Killed a bag of meat
    21 | D        | Reached ** piety under Makhleb
    21 | D        | Noticed a bag of meat
    21 | D        | Noticed a meat berserker
    22 | D        | Killed a bag of meat
    22 | D        | Reached XP level 15. HP: 128/151 MP: 15/15
    23 | D        | Noticed a meat berserker
    23 | D        | Noticed a meat berserker
    24 | D        | Killed a large bag of meat
    24 | D        | Reached *** piety under Makhleb
    24 | D        | Reached XP level 16. HP: 154/164 MP: 16/16
    25 | D        | Gained mutation: You are significantly more attuned to the
                  | shadows. [demonic ancestry]
    25 | D        | Reached XP level 17. HP: 177/177 MP: 17/17
    26 | D        | Killed a meat berserker
    26 | D        | Reached **** piety under Makhleb
    28 | D        | Killed a meat berserker
    28 | D        | Reached skill level 27 in Fighting
    28 | D        | Gained mutation: You are mostly covered in sharp spines.
                  | [demonic ancestry]
    28 | D        | Reached XP level 18. HP: 191/191 MP: 18/18
    28 | D        | Noticed a meat berserker
    29 | D        | Killed a meat berserker
    29 | D        | Reached skill level 27 in Axes
    29 | D        | Reached skill level 27 in Throwing
    29 | D        | Reached skill level 27 in Dodging
    29 | D        | Reached skill level 5 in Armour
    29 | D        | Reached skill level 5 in Stealth
    29 | D        | Reached skill level 5 in Unarmed Combat
    29 | D        | Reached skill level 5 in Spellcasting
    32 | D        | Reached ***** piety under Makhleb
    32 | D        | Reached skill level 10 in Stealth
    32 | D        | Reached skill level 15 in Invocations
    32 | D        | Gained mutation: You are completely covered in sharp
                  | spines. [demonic ancestry]
    32 | D        | Reached XP level 19. HP: 198/198 MP: 18/34
    33 | D        | Killed a meat berserker
    33 | D        | Noticed a meat berserker
    34 | D        | Noticed a meat berserker
    36 | D        | Reached skill level 15 in Armour
    36 | D        | Reached skill level 15 in Unarmed Combat
    36 | D        | Reached skill level 15 in Spellcasting
    37 | D        | Killed a meat berserker
    37 | D        | Reached XP level 20. HP: 206/206 MP: 19/41
    39 | D        | Killed a meat berserker
    42 | D        | Reached ****** piety under Makhleb
    43 | D        | Noticed a meat berserker
    43 | D        | Noticed a large bag of meat
    43 | D        | Noticed a meat berserker
    44 | D        | Reached skill level 27 in Invocations
    44 | D        | Reached XP level 21. HP: 214/214 MP: 21/46
    44 | D        | Noticed a large bag of meat
    47 | D        | Killed a large bag of meat
    47 | D        | Gained mutation: You have claws for feet. [demonic
                  | ancestry]
    47 | D        | Reached XP level 22. HP: 79/222 MP: 21/50
    47 | D        | Reached skill level 27 in Stealth
    47 | D        | Noticed a destroyer
    49 | D        | Reached skill level 27 in Armour
    49 | D        | Reached skill level 27 in Unarmed Combat
    49 | D        | Reached skill level 27 in Spellcasting
    49 | D        | Killed a large bag of meat
    51 | D        | Reached XP level 23. HP: 229/229 MP: 22/54
    55 | D        | Killed a destroyer
    55 | D        | Reached XP level 24. HP: 238/238 MP: 23/54
    65 | D        | Gained mutation: You are completely covered in rugged brown
                  | scales. (AC +3, +7% HP) [demonic ancestry]
    65 | D        | Reached XP level 25. HP: 226/250 MP: 26/54
    77 | D        | Gained mutation: A frigid envelope surrounds you and
                  | freezes all who hurt you. [demonic ancestry]
    77 | D        | Reached XP level 26. HP: 258/258 MP: 30/54
    90 | D        | Gained mutation: You are completely attuned to the shadows.
                  | [demonic ancestry]
    90 | D        | Reached XP level 27. HP: 266/266 MP: 34/54
    97 | D        | Noticed a destroyer
    99 | D        | Noticed a large bag of meat
   100 | D        | Killed a destroyer
   101 | D        | Noticed a destroyer
   103 | D        | Killed a destroyer
   105 | D        | Killed a large bag of meat
   158 | D        | Noticed a large bag of meat
   162 | D        | Killed a large bag of meat
   180 | D        | Noticed a destroyer
   183 | D        | Killed a destroyer
   211 | D        | Noticed The Meatlord
   218 | D        | Annihilated by The Meatlord

Skill      XL: |  1  2  3  4  5  6  7  8  9 10 11 12 13 14 15 16 17 18 19 20 21 22 |
---------------+-------------------------------------------------------------------+-----
Fighting       | 14 16 18 19 21 23 25 27 | 27.0
Axes           | 13 15 17 18 19 21 23 26 27 | 27.0
Throwing       | 13 15 16 18 19 21 23 26 27 | 27.0
Dodging        | 13 15 17 18 19 21 23 26 27 | 27.0
Armour         | 11 17 21 24 27 | 27.0
Stealth        | 12 18 22 26 27 | 27.0
Unarmed Combat | 11 17 21 24 27 | 27.0
Spellcasting   | 11 17 21 24 27 | 27.0
Invocations    | 15 23 27 | 27.0

Action                   |  1- 3 |  4- 6 |  7- 9 | 10-12 | 13-15 | 16-18 | 19-21 | 22-24 | 25-27 || total
-------------------------+-------+-------+-------+-------+-------+-------+-------+-------+-------++-------
Melee: Executioner's axe |     1 |       |       |     2 |     4 |     5 |     9 |    11 |    65 ||    97
 Stab: Distracted        |       |       |       |       |       |       |       |       |     1 ||     1
Dodge: Dodged            |       |       |       |       |       |     1 |     3 |       |     8 ||    12
